 Dungeon Crawl Stone Soup version 0.27.1-15-g792fb953b9 (webtiles) character file.

Game seed: 13403104708988165400

90 Findor the Chopper (level 4, 0/33 HPs)
             Began as a Demonspawn Gladiator on Nov 20, 2021.
             Slain by a goblin (5 damage)
             ... led by Robin
             ... on level 2 of the Dungeon.
             The game lasted 00:02:00 (1844 turns).

Findor the Chopper (Demonspawn Gladiator)           Turns: 1844, Time: 00:02:01

Health: 0/33       AC:  4    Str: 15    XL:     4   Next: 32%
Magic:  4/4        EV: 12    Int: 10    God:
Gold:   27         SH:  0    Dex: 14    Spells: 3/3 levels left

rFire    . . .     SeeInvis .   a - +0 war axe
rCold    . . .     Faith    .   (no shield)
rNeg     . . .     Spirit   .   b - +0 leather armour
rPois    .         Reflect  .   (helmet restricted)
rElec    .         Harm     .   (no cloak)
rCorr    .         Rampage  .   (no gloves)
Will     .....                  f - +0 pair of boots
Stlth    +.........             (no amulet)
HPRegen  0.11/turn              (no ring)
MPRegen  0.09/turn              (no ring)

@: no status effects
A: antennae 1, demonic guardian 1
a: no special abilities


You were on level 2 of the Dungeon.
You visited 1 branch of the dungeon, and saw 2 of its levels.

You collected 63 gold pieces.
You spent 36 gold pieces at shops.


Innate Abilities, Weirdness & Mutations

You have a pair of small antennae on your head.
A weak demonic guardian rushes to your aid.


   Skills:
 - Level 2.0 Fighting
 * Level 4.7 Axes
 - Level 1.7 Throwing
 - Level 2.6 Dodging


You had 3 spell levels left.
You didn't know any spells.
Your spell library was empty.

Inventory:

Hand Weapons
 a - a +0 war axe (weapon)
Missiles
 d - 3 throwing nets (quivered) {!f}
Armour
 b - a +0 leather armour (worn)
 c - a +0 helmet
 f - a +0 pair of boots (worn)
   (You found it on level 1 of the Dungeon)
Scrolls
 g - 3 scrolls of identify {unknown}
 i - a scroll of teleportation {unknown}
 k - a scroll of noise {unknown}
Potions
 e - 2 potions of curing {@q1}
 h - a potion of heal wounds {unknown}
 j - a potion of lignification {unknown}


Message History

You are too injured to fight recklessly!
You are too injured to fight recklessly!
You are too injured to fight recklessly!
Unknown command.
Unknown command.
Unknown command.
Unknown command.
The goblin hits you with a +0 club.
* * * LOW HITPOINT WARNING * * *
A demonic guardian appears!
The goblin hits you but does no damage.
Things that are here:
a +0 dagger; a +0 club; a goblin corpse The adder barely misses you.
Robin throws the goblin at you! The goblin hits you but does no damage.
The goblin closely misses your white imp.
The adder barely misses your white imp.
Your white imp gestures at the goblin.
The puff of frost hits the goblin!
The goblin dies!
You slash the goblin!
You kill the goblin!
Robin throws the goblin at you!
The goblin hits your white imp with a +0 club.
The goblin barely misses you.
Your white imp barely misses the goblin.
You hit the adder. You hit the goblin.
You kill the goblin!
The adder bites you but does no damage.
The goblin hits your white imp with a +0 club.
Your white imp closely misses the goblin.
The adder misses you.
Robin hits your white imp with a +2 dagger of venom.
You hit the adder but do no damage. The adder misses you.
Your white imp misses the adder.
Robin hits your white imp with a +2 dagger of venom.
Your white imp is poisoned.
The goblin hits you with a +0 club.
* * * LOW HITPOINT WARNING * * *
The adder bites you.
* * * LOW HITPOINT WARNING * * *
Unknown command.
Unknown command.
Unknown command.
You miss the adder. You barely miss the goblin.
Your white imp dies!
Your white imp disappears in a puff of smoke!
The adder bites you.
* * * LOW HITPOINT WARNING * * *
A demonic guardian appears!
The goblin hits you with a +0 club.
You die...

......####............#####.#...#
.................................
........).)#################.#..#
........†........... ...........#
####...†####.####..# #######.##.#
#....#.#...#.#..# #..#.#
###..##.....##..# ##.#.#
#..#...[..5#g.# #...#
##...÷...†.@S.##### ##...
#.#÷......#g)....# #...
#.##.....##......# ##..
..#)#...#.#))....# #..
#..####.####.'##### ##. #...
..... .... #. #.#########..... #.
#. #...... ## ......## #


You could see Robin, an adder (ally target), a goblin (strong) and a friendly
iron imp (summoned).

Vanquished Creatures
  3 adders (D:2)
  A worm (D:2)
  A dart slug (D:1)
  3 ball pythons
  6 endoplasms
  2 giant cockroaches
  10 goblins
  6 hobgoblins
  7 jackals (D:1)
  3 kobolds
  A quokka (D:2)
  3 bats
  A frilled lizard (D:1)
  2 rats
49 creatures vanquished.

Vanquished Creatures (collateral kills)
  A goblin (D:2)
1 creature vanquished.

Grand Total: 50 creatures vanquished

Notes
Turn   | Place    | Note
-------+----------+-------------------------------------------
     0 | D:1      | Findor the Demonspawn Gladiator began the quest for the
                  | Orb.
     0 | D:1      | Reached XP level 1. HP: 16/16 MP: 1/1
    26 | D:1      | Noticed a komodo dragon
    26 | D:1      | Noticed a four-headed hydra
    27 | D:1      | Noticed a polar bear
    42 | D:1      | Reached skill level 3 in Axes
    47 | D:1      | Gained mutation: You have a pair of small antennae on your
                  | head. [demonic ancestry]
    47 | D:1      | Reached XP level 2. HP: 19/22 MP: 2/2
   845 | D:1      | Gained mutation: A weak demonic guardian rushes to your
                  | aid. [demonic ancestry]
   845 | D:1      | Reached XP level 3. HP: 24/27 MP: 3/3
  1180 | D:1      | Found Nyofy's Distillery.
  1185 | D:1      | Bought a potion of curing for 36 gold pieces
  1312 | D:2      | Reached skill level 4 in Axes
  1515 | D:2      | Found a faded altar of an unknown god.
  1589 | D:2      | Reached XP level 4. HP: 17/33 MP: 4/4
  1830 | D:2      | Noticed Robin
  1844 | D:2      | HP: 5/33 [adder (3)]
  1844 | D:2      | Slain by a goblin

Levels and vault maps discovered:
D:1:      onia_arrival_zoo_common, layout_basic, serial_shops, shop
D:2:      layout_basic, hellmonk_ecumenical_altar_leap_of_faith,
          minmay_nonomino_d4, uniq_robin

Action                   |  1- 3 |  4- 6 || total
-------------------------+-------+-------++-------
Melee: War axe           |    99 |    12 ||   111
 Stab: Sleeping          |     1 |       ||     1
Armor: Leather armour    |    48 |     6 ||    54
Dodge: Dodged            |    80 |    12 ||    92
